Selects Australian Defense Battlegroup
Selects Australian Light Infantry Section
Australian Light Infantry Section
Construct Section Command Post
Australian Light Infantry Section
Construct Field Infirmary
Selects CMP 15cwt Supply Run
Selects 2-pounder Anti-tank Gun Team
2-pounder Anti-tank Gun Team
Construct Platoon Command Post
Unlock M3 Stuart Light Tanks
Selects CMP 15cwt Supply Run
Selects Reinforced Resource Caches
Australian Light Infantry Section
Construct Company Command Post
Australian Light Infantry Section